APP
BURLINGTON ROYALS @ DANVILLE BRAVES
08/11/2099
 
TOP OF THE 1ST
Burlington Royals batting - Pitching for Danville Braves : LHP Andres Serna
Pitching: LHP Andres Serna
Batting: LHB Justin Byrd 0-0: Ball
1-0: SINGLE (Line Drive, 7S, EV 104.4 MPH)
Batting: LHB Walt Rogers 0-0: Ball
1-0: Foul Ball, location: 23FF
1-1: Swinging Strike
1-2: Ball
2-2: Strikes out looking
Batting: RHB Jim Neely 0-0: Called Strike
0-1: Fly out, F8 (Line Drive, 8LD, EV 95.6 MPH)
Batting: LHB Rafael Moya 0-0: Ball
1-0: Ball
2-0: Ball
3-0: Called Strike
3-1: Base on Balls
Justin Byrd to second
Batting: RHB Adam Bonner 0-0: Ball
1-0: Called Strike
1-1: Called Strike
1-2: Foul Ball, location: 5F
1-2: SINGLE (Line Drive, 34D, EV 96.9 MPH)
Justin Byrd to third
Rafael Moya to second
Runner from 3rd tries for Home, SAFE, throw by RF to home
Batting: LHB Jon House 0-0: Ball
1-0: Ball
2-0: Ball
3-0: Base on Balls
Rafael Moya to third
Adam Bonner to second
Pitching: RHP Joram van der Meijden
Batting: LHB Mike Goodwin 0-0: Ball
1-0: Foul Ball, location: 2F
1-1: Ball
2-1: Ball
3-1: Called Strike
3-2: Foul Ball, location: 2F
3-2: SINGLE (Groundball, 6MD, EV 103.1 MPH)
Rafael Moya scores
Adam Bonner to third
Jon House to second
Adam Bonner scores
Jon House to third
Batting: RHB Miguel Tellez 0-0: Called Strike
0-1: Foul Ball, location: 9LDF
0-2: Strikes out swinging
Top of the 1st over - 3 runs, 3 hits, 0 errors, 2 left on base; Burlington 3 - Danville 0
BOTTOM OF THE 1ST
Danville Braves batting - Pitching for Burlington Royals : RHP Manny Rodriguez
Pitching: RHP Manny Rodriguez
Batting: RHB Jamie Carney 0-0: Ball
1-0: Ball
2-0: Foul Ball, location: 2F
2-1: Called Strike
2-2: Ball
3-2: Strikes out looking
Batting: RHB Brian Karwan 0-0: DOUBLE (Groundball, 5L, EV 94.4 MPH)
Batting: LHB William Roberts 0-0: Called Strike
0-1: Fly out, F4 (Popup, 3S, EV 82.5 MPH)
Batting: RHB Ron Brito 0-0: Ball
1-0: Ball
2-0: Called Strike
2-1: Ground out 6-3 (Groundball, 6, EV 85.0 MPH)
Bottom of the 1st over - 0 runs, 1 hit, 0 errors, 1 left on base; Burlington 3 - Danville 0
TOP OF THE 2ND
Burlington Royals batting - Pitching for Danville Braves : RHP Joram van der Meijden
Batting: RHB Danny Espinoza 0-0: Ball
1-0: Ball
2-0: Foul Ball, location: 2F
2-1: Fly out, F2 (Popup, 25F, EV 93.8 MPH)
Batting: LHB Justin Byrd 0-0: Ball
1-0: Ball
2-0: Ball
3-0: Base on Balls
Batting: LHB Walt Rogers 0-0: Ground out 4-3 (Groundball, 4, EV 78.8 MPH)
Justin Byrd to second
Batting: RHB Jim Neely 0-0: Called Strike
0-1: Foul Ball, location: 7LMF
0-2: Ball
1-2: Ball
2-2: Foul Ball, location: 2F
2-2: Foul Ball, location: 23F
2-2: Ball
3-2: SINGLE (Groundball, 3D, EV 100.6 MPH)
Justin Byrd to third
Runner from 3rd tries for Home, SAFE, throw by RF to home
Batting: LHB Rafael Moya 0-0: Ball
1-0: Ball
2-0: Ball
3-0: Base on Balls
Jim Neely to second
Batting: RHB Adam Bonner 0-0: Ground out U3 (Groundball, 3L, EV 81.3 MPH)
Top of the 2nd over - 1 run, 1 hit, 0 errors, 2 left on base; Burlington 4 - Danville 0
BOTTOM OF THE 2ND
Danville Braves batting - Pitching for Burlington Royals : RHP Manny Rodriguez
Batting: RHB Chris Moon 0-0: SINGLE (Line Drive, 4, EV 71.3 MPH)
Batting: RHB Mike Reed 0-0: Foul Ball, location: 2F
0-1: Foul Ball, location: 5FF
0-2: Ball
1-2: Strikes out swinging
Batting: SHB Vincent Santos 0-0: Ball
1-0: Called Strike
1-1: Ball
2-1: Swinging Strike
2-2: Ball
3-2: Strikes out swinging
Batting: RHB Cruz Rubio 0-0: Foul Ball, location: 9LDF
0-1: Ball
1-1: Called Strike
1-2: Ball
2-2: Foul Ball, location: 25F
2-2: Strikes out swinging, 2-3 out at first.
Bottom of the 2nd over - 0 runs, 1 hit, 0 errors, 1 left on base; Burlington 4 - Danville 0
TOP OF THE 3RD
Burlington Royals batting - Pitching for Danville Braves : RHP Joram van der Meijden
Batting: LHB Jon House 0-0: Called Strike
0-1: Ball
1-1: Fly out, F9 (Flyball, 9LSF, EV 92.5 MPH)
Batting: LHB Mike Goodwin 0-0: Foul Ball, location: 7LSF
0-1: Ball
1-1: SINGLE (Line Drive, 34D, EV 99.4 MPH)
Batting: RHB Miguel Tellez 0-0: Ball
1-0: Called Strike
1-1: Swinging Strike
1-2: Foul Ball, location: 2F
1-2: Strikes out swinging
Batting: RHB Danny Espinoza 0-0: Ball
1-0: Ball
2-0: Ball
3-0: Base on Balls
Mike Goodwin to second
Batting: LHB Justin Byrd 0-0: Called Strike
0-1: Hit by Pitch
Mike Goodwin to third
Danny Espinoza to second
Batting: LHB Walt Rogers 0-0: Swinging Strike
0-1: Ball
1-1: Ball
2-1: Ball
3-1: Base on Balls
Mike Goodwin scores
Danny Espinoza to third
Justin Byrd to second
Batting: RHB Jim Neely 0-0: Called Strike
0-1: Ball
1-1: Foul Ball, location: 2F
1-2: Ball
2-2: Ball
3-2: Foul Ball, location: 5FF
3-2: DOUBLE (Flyball, 8LXD, EV 105.0 MPH)
Danny Espinoza scores
Justin Byrd scores
Walt Rogers to third
Walt Rogers scores
Batting: LHB Rafael Moya 0-0: Ball
1-0: Called Strike
1-1: Ball
2-1: Ball
3-1: Ground out 4-3 (Groundball, 34, EV 83.8 MPH)
Top of the 3rd over - 4 runs, 2 hits, 0 errors, 1 left on base; Burlington 8 - Danville 0
BOTTOM OF THE 3RD
Danville Braves batting - Pitching for Burlington Royals : RHP Manny Rodriguez
Batting: RHB Omar Rivera 0-0: Ball
1-0: Called Strike
1-1: Foul Ball, location: 2F
1-2: Foul Ball, location: 2F
1-2: Ball
2-2: Ball
3-2: Ground out 6-3 (Groundball, 6, EV 91.3 MPH)
Batting: RHB Jamie Carney 0-0: Ball
1-0: Fly out, F5 (Popup, 5SF, EV 77.5 MPH)
Batting: RHB Brian Karwan 0-0: Ball
1-0: Hit by Pitch
Batting: LHB William Roberts 0-0: Foul Ball, location: 23F
0-1: Ball
1-1: Foul Ball, location: 3SF
1-2: Ball
2-2: Strikes out looking
Bottom of the 3rd over - 0 runs, 0 hits, 0 errors, 1 left on base; Burlington 8 - Danville 0
TOP OF THE 4TH
Burlington Royals batting - Pitching for Danville Braves : RHP Joram van der Meijden
Batting: RHB Adam Bonner 0-0: Ball
1-0: Called Strike
1-1: Ball
2-1: Ball
3-1: Base on Balls
Pitching: RHP Jose Arteaga
Batting: LHB Jon House 0-0: Called Strike
0-1: Ball
1-1: Foul Ball, location: 2RF
1-2: Ball
2-2: Ball
3-2: Fly out, F5 (Popup, 5S, EV 60.0 MPH)
Batting: LHB Mike Goodwin 0-0: Ball
1-0: Foul Ball, location: 5F
1-1: Foul Ball, location: 3F
1-2: Hit by Pitch
Adam Bonner to second
Batting: RHB Miguel Tellez 0-0: SINGLE (Line Drive, 9S, EV 100.0 MPH)
Adam Bonner to third
Mike Goodwin to second
Batting: RHB Danny Espinoza 0-0: Called Strike
0-1: Ball
1-1: Swinging Strike
1-2: Foul Ball, location: 2F
1-2: Ball
2-2: Ball
3-2: SINGLE (Line Drive, 9S, EV 106.9 MPH)
Adam Bonner scores
Mike Goodwin to third
Miguel Tellez to second
Batting: LHB Justin Byrd 0-0: Ball
1-0: Ball
2-0: Foul Ball, location: 2F
2-1: Called Strike
2-2: DOUBLE (Line Drive, 78D, EV 105.0 MPH)
Mike Goodwin scores
Miguel Tellez scores
Danny Espinoza to third
Runner from 3rd tries for Home, SAFE, throw by LF to home
Batting: LHB Walt Rogers 0-0: Called Strike
0-1: Ball
1-1: Ball
2-1: Foul Ball, location: 9LMF
2-2: Ball
3-2: SINGLE (Line Drive, 5D, EV 76.9 MPH)
Justin Byrd to third
Batting: RHB Jim Neely 0-0: Called Strike
0-1: Grounds into double play, 5-4-3 (Groundball, 56S, EV 76.3 MPH)
Top of the 4th over - 4 runs, 4 hits, 0 errors, 1 left on base; Burlington 12 - Danville 0
BOTTOM OF THE 4TH
Danville Braves batting - Pitching for Burlington Royals : RHP Manny Rodriguez
Batting: RHB Ron Brito 0-0: Called Strike
0-1: Swinging Strike
0-2: Foul Ball, location: 2F
0-2: Foul Ball, location: 5DF
0-2: SINGLE (Flyball, 78S, EV 91.9 MPH)
Batting: RHB Chris Moon 0-0: Called Strike
0-1: Called Strike
Ron Brito is caught stealing 2nd base 2-4
0-2: Ball
1-2: SINGLE (Groundball, 6MS, EV 86.9 MPH) (infield hit)
Batting: RHB Mike Reed 0-0: Ball
Passed Ball!
Chris Moon to second
1-0: Foul Ball, location: 3F
1-1: Ground out 6-3 (Groundball, 6, EV 78.8 MPH)
Chris Moon to third
Batting: SHB Vincent Santos 0-0: SINGLE (Groundball, 34D, EV 98.1 MPH)
Chris Moon scores
Batting: RHB Cruz Rubio 0-0: Called Strike
0-1: Ball
1-1: Foul Ball, location: 2F
1-2: Ball
2-2: Strikes out swinging
Bottom of the 4th over - 1 run, 3 hits, 0 errors, 1 left on base; Burlington 12 - Danville 1
TOP OF THE 5TH
Burlington Royals batting - Pitching for Danville Braves : RHP Jose Arteaga
Batting: LHB Rafael Moya 0-0: Foul Ball, location: 2F
0-1: Foul Ball, location: 2LF
0-2: Single, Error in OF, E9, batter to second base (Line Drive, 3D, EV 94.4 MPH)
Batting: RHB Adam Bonner 0-0: Ball
Wild Pitch!
Rafael Moya to third
1-0: Called Strike
1-1: Fly out, F9 (Line Drive, 9D, EV 93.8 MPH)
Runner from 3rd tags up, SCORES, no throw by RF
Batting: LHB Jon House 0-0: Ball
1-0: Ball
2-0: Foul Ball, location: 5SF
2-1: Fly out, F8 (Flyball, 8LD, EV 91.9 MPH)
Batting: LHB Mike Goodwin 0-0: Ball
1-0: Ball
2-0: Ball
3-0: Base on Balls
Batting: RHB Miguel Tellez 0-0: Ball
1-0: SINGLE (Line Drive, 8LS, EV 99.4 MPH)
Mike Goodwin to second
Batting: RHB Danny Espinoza 0-0: Ball
1-0: Ball
2-0: Ball
3-0: Base on Balls
Mike Goodwin to third
Miguel Tellez to second
Batting: LHB Justin Byrd 0-0: Ground out 4-3 (Groundball, 4, EV 89.4 MPH)
Top of the 5th over - 1 run, 2 hits, 1 error, 3 left on base; Burlington 13 - Danville 1
BOTTOM OF THE 5TH
Danville Braves batting - Pitching for Burlington Royals : RHP Manny Rodriguez
Batting: RHB Omar Rivera 0-0: Called Strike
0-1: Ball
1-1: Called Strike
1-2: Foul Ball, location: 2F
1-2: Ball
2-2: Ball
3-2: Ground out 1-3 (Groundball, 15S, EV 74.4 MPH)
Batting: RHB Jamie Carney 0-0: Hit by Pitch
Batting: RHB Brian Karwan 0-0: Called Strike
0-1: Foul Ball, location: 2F
0-2: Ball
1-2: Fielders Choice at 2nd, 4-6 (Groundball, 4M, EV 85.6 MPH)
Batting: LHB William Roberts 0-0: Ball
1-0: Called Strike
1-1: Ball
2-1: Foul Ball, location: 2F
2-2: Strikes out swinging
Bottom of the 5th over - 0 runs, 0 hits, 0 errors, 1 left on base; Burlington 13 - Danville 1
TOP OF THE 6TH
Burlington Royals batting - Pitching for Danville Braves : RHP Jose Arteaga
Batting: LHB Walt Rogers 0-0: Ball
1-0: Ball
2-0: Ground out U3 (Groundball, 3, EV 83.1 MPH)
Pitching: RHP Isaias Chapa
Batting: RHB Jim Neely 0-0: Called Strike
0-1: Foul Ball, location: 2F
0-2: Ball
1-2: SOLO HOME RUN (Flyball, 9D, EV 93.1 MPH), Distance : 336 ft
Batting: LHB Rafael Moya 0-0: Ball
1-0: Ball
2-0: Ball
3-0: Base on Balls
Batting: RHB Adam Bonner 0-0: Swinging Strike
0-1: Called Strike
0-2: Ball
1-2: Foul Ball, location: 2F
1-2: Strikes out swinging
Batting: LHB Jon House 0-0: Foul Ball, location: 2F
0-1: Fielders Choice at 2nd, 5-4 (Groundball, 56, EV 80.0 MPH)
Top of the 6th over - 1 run, 1 hit, 0 errors, 1 left on base; Burlington 14 - Danville 1
BOTTOM OF THE 6TH
Danville Braves batting - Pitching for Burlington Royals : RHP Manny Rodriguez
Batting: RHB Ron Brito 0-0: Called Strike
0-1: Ball
1-1: Hit by Pitch
Batting: RHB Chris Moon 0-0: Called Strike
0-1: Grounds into double play, 6-4-3 (Groundball, 6, EV 83.8 MPH)
Batting: RHB Mike Reed 0-0: Ball
1-0: DOUBLE (Line Drive, 9LM, EV 100.6 MPH)
Batting: SHB Vincent Santos 0-0: Called Strike
0-1: Ball
1-1: Fly out, F7 (Flyball, 78M, EV 89.4 MPH)
Bottom of the 6th over - 0 runs, 1 hit, 0 errors, 1 left on base; Burlington 14 - Danville 1
TOP OF THE 7TH
Burlington Royals batting - Pitching for Danville Braves : RHP Isaias Chapa
Pinch Hitting: SHB Billy Daniel 0-0: Ball
1-0: SINGLE (Line Drive, 6D, EV 99.4 MPH)
Batting: RHB Miguel Tellez 0-0: Ball
1-0: Called Strike
1-1: Ball
2-1: Fly out, F7 (Flyball, 7LS, EV 86.3 MPH)
Batting: RHB Danny Espinoza 0-0: Called Strike
0-1: Foul Ball, location: 5F
0-2: Foul Ball, location: 9LMF
0-2: Fly out, F4 (Popup, 3S, EV 77.5 MPH)
Batting: LHB Justin Byrd 0-0: Foul Ball, location: 9LSF
0-1: Ball
1-1: Swinging Strike
1-2: Strikes out swinging
Top of the 7th over - 0 runs, 1 hit, 0 errors, 1 left on base; Burlington 14 - Danville 1
BOTTOM OF THE 7TH
Danville Braves batting - Pitching for Burlington Royals : RHP Manny Rodriguez
Now at SS: Jonathan Adamson
Now in LF: Justin Byrd
Pinch Hitting: LHB Tony Nunez 0-0: Called Strike
0-1: Called Strike
0-2: Foul Ball, location: 2F
0-2: Ball
1-2: Ball
2-2: Strikes out swinging
Batting: RHB Omar Rivera 0-0: Ball
1-0: Fly out, F3 (Popup, 34, EV 55.0 MPH)
Batting: RHB Jamie Carney 0-0: Swinging Strike
0-1: Ball
1-1: Swinging Strike
1-2: Strikes out looking
Bottom of the 7th over - 0 runs, 0 hits, 0 errors, 0 left on base; Burlington 14 - Danville 1
TOP OF THE 8TH
Burlington Royals batting - Pitching for Danville Braves : RHP Isaias Chapa
Now at 3B: Tony Nunez
Now at SS: Vincent Santos
Batting: LHB Walt Rogers 0-0: Ball
1-0: Ground out 6-3 (Groundball, 6, EV 91.9 MPH)
Batting: RHB Jim Neely 0-0: Ball
1-0: Called Strike
1-1: SINGLE (Line Drive, 5D, EV 110.6 MPH)
Pitching: RHP Danny Lalama
Batting: LHB Rafael Moya 0-0: Foul Ball, location: 5FF
0-1: Called Strike
0-2: Foul Ball, location: 2F
0-2: Grounds into double play, 6-4-3 (Groundball, 6, EV 86.9 MPH)
Top of the 8th over - 0 runs, 1 hit, 0 errors, 0 left on base; Burlington 14 - Danville 1
BOTTOM OF THE 8TH
Danville Braves batting - Pitching for Burlington Royals : RHP Manny Rodriguez
Pitching: LHP Trace Bale
Batting: RHB Brian Karwan 0-0: Ball
1-0: Swinging Strike
1-1: Swinging Strike
1-2: Strikes out looking
Batting: LHB William Roberts 0-0: Swinging Strike
0-1: Called Strike
0-2: Ball
1-2: Foul Ball, location: 7LMF
1-2: Strikes out looking
Batting: RHB Ron Brito 0-0: Ball
1-0: Ball
2-0: Called Strike
2-1: Swinging Strike
2-2: Strikes out looking
Bottom of the 8th over - 0 runs, 0 hits, 0 errors, 0 left on base; Burlington 14 - Danville 1
TOP OF THE 9TH
Burlington Royals batting - Pitching for Danville Braves : RHP Danny Lalama
Batting: RHB Adam Bonner 0-0: Ball
1-0: Called Strike
1-1: Ball
2-1: Ground out 6-3 (Groundball, 6, EV 87.5 MPH)
Batting: LHB Jon House 0-0: Foul Ball, location: 7LMF
0-1: TRIPLE (Line Drive, 78XD, EV 106.3 MPH)
Batting: RHB Jonathan Adamson 0-0: Ball
1-0: Ball
2-0: Called Strike
2-1: Ball
3-1: Ground out 5-3 (Groundball, 56, EV 86.3 MPH)
Batting: RHB Miguel Tellez 0-0: Foul Ball, location: 2F
0-1: Ball
1-1: Ball
2-1: Called Strike
2-2: Ball
3-2: SINGLE (Flyball, 34D, EV 85.6 MPH)
Jon House scores
Batting: RHB Danny Espinoza 0-0: Called Strike
0-1: Swinging Strike
0-2: Foul Ball, location: 2F
0-2: Strikes out swinging
Top of the 9th over - 1 run, 2 hits, 0 errors, 1 left on base; Burlington 15 - Danville 1
BOTTOM OF THE 9TH
Danville Braves batting - Pitching for Burlington Royals : LHP Trace Bale
Batting: RHB Chris Moon 0-0: Ball
1-0: Called Strike
1-1: Ball
2-1: Ball
3-1: Foul Ball, location: 2F
3-2: Strikes out swinging
Batting: RHB Mike Reed 0-0: Called Strike
0-1: Swinging Strike
0-2: SINGLE (Line Drive, 89S, EV 96.3 MPH)
Batting: SHB Vincent Santos 0-0: Ball
1-0: Foul Ball, location: 9LDF
1-1: Called Strike
1-2: SINGLE (Groundball, 56D, EV 98.1 MPH)
Mike Reed to second
Pinch Hitting: RHB Victor Tamez 0-0: Called Strike
0-1: Ball
1-1: Ball
2-1: Grounds into double play, 6-4-3 (Groundball, 6, EV 102.5 MPH)
Bottom of the 9th over - 0 runs, 2 hits, 0 errors, 1 left on base; Burlington 15 - Danville 1
Sunday, May 12th , 2024 - OOTP Baseball 24.11 Build 85